Map: Eternal Empire LE

Players

Dream

  • Race: Terran Terran
  • Spawn Location: 1:00

PtitDrogo - Winner!

  • Race: Protoss Protoss
  • League: Master
  • Spawn Location: 7:00

Event: StayAtHomestory Cup #1

VOD

Have the link to the VOD?

Description

Time

  • Played on: April 10, 2020, 9:39 a.m.
  • Length: 12:47

All games in this series

Show
View Real Time Build Order
Export as new Build Order

Dream Terran 

Build Orders: Reaper Expand 

Get SALT Encoding   

  12  0:01  SCV  
  13  0:13  SCV  
  14  0:17  Supply Depot  
  14  0:25  SCV  
  15  0:38  SCV  
  15  0:41  Barracks  
  16  0:44  Refinery  
  16  0:51  SCV  
  17  1:03  SCV  
  18  1:15  SCV  
  19  1:29  Reaper, Orbital Command  
  20  1:46  Command Center  
  20  1:54  SCV, Supply Depot  
  20  2:01  Marine  
  22  2:07  SCV  
  22  2:08  Factory  
  23  2:13  Refinery  
  23  2:19  SCV  
  23  2:20  Barracks Reactor  
  24  2:31  SCV  
  25  2:43  SCV  
  26  2:52  Starport  
  26  2:54  Widow Mine  
  26  2:56  SCV, Marine  
  26  2:57  Marine  
  31  2:58  Orbital Command  
  31  3:08  SCV  
  32  3:14  Marine  
  32  3:15  Marine  
  32  3:16  Widow Mine  
  36  3:20  SCV  
  36  3:24  SCV  
  38  3:29  Medivac  
  38  3:30  Barracks  
  38  3:32  Marine x2, SCV  
  43  3:36  Supply Depot  
  43  3:37  SCV  
  43  3:41  Widow Mine  
  46  3:56  Barracks, Engineering Bay  
  46  3:57  SCV x2  
  48  4:05  Medivac, Widow Mine  
  48  4:09  SCV x2, Refinery  
  54  4:14  Supply Depot  
  54  4:16  Supply Depot  
  54  4:18  Barracks Tech Lab  
  54  4:27  Terran Infantry Weapons Level 1  
  54  4:36  SCV  
  55  4:38  Stimpack  
  55  4:39  SCV, Marauder  
  55  4:44  Marine x2, Supply Depot  
  60  4:45  Barracks Tech Lab  
  60  4:46  Refinery  
  60  4:48  SCV  
  60  4:51  SCV  
  62  4:55  Supply Depot  
  62  4:57  Factory Reactor  
  62  5:00  SCV  
  62  5:03  SCV  
  62  5:06  Marauder x2  
  67  5:07  Marine x2  
  67  5:12  Combat Shield, SCV, Starport Reactor  
  70  5:15  SCV  
  71  5:24  SCV  
  71  5:27  Marauder  
  71  5:28  Supply Depot, Marauder  
  76  5:29  SCV  
  76  5:32  Marine x2  
  81  5:36  SCV, Widow Mine x2  
  81  5:40  Supply Depot  
  81  5:41  SCV  
  85  5:48  SCV  
  86  5:50  Medivac x2, Marauder  
  86  5:54  SCV  
  86  5:55  Supply Depot  
  93  6:00  SCV  
  93  6:02  Marine x2, Marauder  
  93  6:04  Widow Mine  
  100  6:05  Widow Mine  
  100  6:07  Supply Depot  
  102  6:17  Marauder  
  102  6:18  Concussive Shells  
  104  6:27  Command Center  
  104  6:29  Supply Depot, Terran Infantry Armor Level 1  
  104  6:31  Medivac  
  106  6:34  Medivac  
  106  6:38  Marauder  
  106  6:39  Marine  
  110  6:40  Marine  
  110  6:58  SCV x2  
  110  6:59  Widow Mine  
  110  7:00  Widow Mine  
  114  7:07  Marauder x2  
  114  7:08  Marine x2  
  107  7:15  SCV x2  
  106  7:18  Medivac x2  
  106  7:21  Widow Mine x2  
  112  7:29  SCV x2  
  106  7:30  Marine  
  106  7:31  Marine, Marauder x2  
  106  7:36  Barracks  
  110  7:38  Barracks  
  110  7:44  SCV x2  
  110  7:46  Orbital Command  
  110  7:54  Marine x2  
  110  7:56  SCV x2  
  110  7:57  Marauder x2  
  118  8:05  Armory, Engineering Bay  
  118  8:06  Viking  
  118  8:08  SCV x2  
  118  8:10  Viking  
  124  8:13  SCV  
  124  8:17  Refinery x2  
  124  8:18  Marine  
  124  8:19  Marine  
  126  8:20  SCV  
  126  8:21  SCV  
  126  8:22  Marauder x2  
  132  8:31  Barracks Reactor  
  132  8:32  Barracks Tech Lab  
  132  8:36  SCV x2, Viking  
  132  8:40  Viking  
  138  8:42  Marine, Starport, Supply Depot  
  138  8:44  Marauder  
  138  8:47  Supply Depot  
  138  8:48  SCV  
  141  8:52  SCV  
  141  8:54  Reaper  
  141  9:01  Terran Infantry Weapons Level 2, Terran Infantry Armor Level 2  
  141  9:03  Terran Ship Weapons Level 1  
  141  9:04  Supply Depot, Marauder x2  
  141  9:05  Marauder  
  141  9:06  Ghost Academy  
  149  9:14  Supply Depot x3  
  149  9:15  Marine  
  148  9:17  Marine x2  
  150  9:29  Viking x2  
  154  9:31  Viking x2  
  154  9:36  Marauder x2  
  154  9:37  Marine x2, Marauder  
  166  9:38  Marine x2  
  163  9:46  Missile Turret  
  163  9:48  Missile Turret  
  143  10:00  Ghost x2  
  143  10:01  Marine x2  
  143  10:04  Marine  
  149  10:13  Ghost  
  148  10:16  SCV  
  149  10:22  SCV  
  149  10:23  SCV  
  149  10:25  Enhanced Shockwaves  
  151  10:29  SCV  
  151  10:30  Ghost  
  151  10:34  Viking  
  156  10:38  SCV  
  156  10:39  SCV  
  158  10:49  Marine x4  
  162  10:50  SCV x2  
  162  10:55  Viking  
  166  10:59  Marine, Marauder x2  
  171  11:08  Marine  
  171  11:11  Marine x3  
  173  11:18  Marauder  
  174  11:20  Marauder  
  174  11:23  Marauder  
  175  11:26  Marine  
  175  11:28  Marine  
  173  11:35  Marine  
  173  11:36  Marine  
  173  11:39  Marauder  
  177  11:41  Marine  
  177  11:42  Supply Depot  
  177  11:44  Supply Depot  
  178  11:47  Marine, Marauder  
  178  11:50  Command Center  
  178  11:52  Orbital Command  
  178  11:53  Missile Turret  
  165  12:00  Marine x2, Ghost  
  165  12:01  Marauder  
  102  12:12  Marine  
  99  12:18  Marine  
  99  12:19  Marauder  
  102  12:27  Marine  
Show
View Real Time Build Order
Export as new Build Order

PtitDrogo Protoss - Winner!

Build Orders: 1 Gate Expand, Colossus Rush 

Get SALT Encoding   

  12  0:01  Probe  
  13  0:13  Probe  
  14  0:16  Pylon  
  14  0:25  Probe (Chrono Boost)  
  15  0:35  Gateway  
  15  0:37  Probe (Chrono Boost)  
  16  0:46  Probe (Chrono Boost), Assimilator  
  17  0:51  Probe  
  18  1:04  Probe  
  19  1:16  Probe  
  20  1:24  Nexus  
  20  1:32  Cybernetics Core  
  20  1:35  Probe  
  21  1:41  Assimilator  
  21  1:47  Probe  
  21  1:51  Pylon  
  22  1:59  Probe  
  23  2:07  Stalker (Chrono Boost)  
  23  2:08  Warp Gate  
  23  2:11  Probe  
  26  2:21  Robotics Facility  
  26  2:23  Probe  
  27  2:36  Probe x2 (Chrono Boost)  
  29  2:42  Stalker  
  31  2:45  Probe x2 (Chrono Boost)  
  31  2:50  Probe x2 (Chrono Boost)  
  35  3:01  Gateway  
  35  3:02  Probe x2  
  37  3:07  Gateway  
  37  3:11  Observer (Chrono Boost)  
  40  3:13  Sentry  
  40  3:16  Probe x2  
  42  3:20  Pylon  
  42  3:24  Observer (Chrono Boost)  
  43  3:28  Probe x2  
  45  3:40  Probe x2  
  47  3:44  Nexus  
  47  3:47  Observer  
  48  3:50  Pylon  
  48  3:52  Probe x2  
  50  3:58  Assimilator x2  
  50  4:04  Probe  
  50  4:06  Probe  
  50  4:09  Stalker  
  54  4:13  Stalker  
  54  4:16  Probe, Stalker  
  59  4:18  Probe  
  60  4:28  Probe  
  60  4:30  Probe  
  62  4:32  Robotics Bay  
  62  4:39  Pylon  
  62  4:56  Probe x2  
  62  4:58  Stalker  
  62  4:59  Stalker  
  68  5:01  Stalker  
  68  5:02  Probe  
  71  5:08  Probe x2 (Chrono Boost)  
  73  5:14  Probe (Chrono Boost)  
  73  5:15  Observer  
  73  5:17  Colossus (Chrono Boost)  
  73  5:19  Forge, Twilight Council  
  73  5:20  Probe x2 (Chrono Boost)  
  82  5:24  Probe (Chrono Boost)  
  82  5:26  Probe x2 (Chrono Boost)  
  85  5:39  Extended Thermal Lance  
  85  5:41  Pylon  
  85  5:43  Pylon  
  85  5:45  Shield Battery x2  
  85  5:47  Protoss Ground Weapons Level 1, Pylon  
  85  5:52  Photon Cannon  
  85  5:53  Pylon  
  85  5:55  Blink (Chrono Boost)  
  85  5:59  Probe x3  
  85  6:00  Adept, Sentry  
  85  6:02  Adept  
  94  6:05  Observer  
  94  6:09  Assimilator x2  
  97  6:11  Probe x3  
  97  6:12  Pylon  
  97  6:17  Photon Cannon  
  97  6:20  Colossus (Chrono Boost)  
  97  6:23  Probe x3  
  104  6:33  Photon Cannon  
  104  6:35  Probe x3  
  104  6:37  Pylon  
  107  6:41  Sentry  
  107  6:42  Gateway x2  
  109  6:47  Probe  
  109  6:51  Probe  
  109  6:55  Probe  
  109  6:58  Stalker x2  
  109  7:00  Probe  
  115  7:03  Probe  
  115  7:07  Probe  
  107  7:12  Probe  
  107  7:14  Stalker  
  109  7:18  Colossus (Chrono Boost)  
  109  7:21  Probe  
  108  7:35  Pylon  
  108  7:38  Forge  
  108  7:43  Gateway, Stalker x2  
  112  7:45  Pylon  
  112  7:47  Gateway  
  112  7:49  Robotics Facility  
  112  7:55  Gateway  
  112  7:56  Dark Shrine  
  112  8:02  Protoss Ground Weapons Level 2 (Chrono Boost)  
  112  8:06  Colossus (Chrono Boost), Nexus  
  112  8:08  Pylon  
  112  8:11  Charge  
  118  8:14  Protoss Ground Armor Level 1 (Chrono Boost)  
  118  8:26  Stalker x5  
  128  8:30  Pylon  
  128  8:36  Disruptor (Chrono Boost)  
  128  8:37  Shield Battery  
  131  8:50  Stalker x5  
  131  8:52  Disruptor (Chrono Boost)  
  142  8:59  Probe  
  142  9:00  Observer  
  141  9:04  Disruptor  
  141  9:06  Pylon  
  141  9:08  Pylon  
  141  9:09  Dark Templar x2  
  148  9:18  Dark Templar  
  148  9:19  Zealot x5  
  158  9:33  Unknown  
  158  9:37  Probe  
  159  9:43  Stalker x7  
  159  9:45  Probe  
  170  9:47  Probe  
  170  9:52  Probe  
  170  10:01  Gateway  
  170  10:04  Gateway  
  170  10:05  Gateway  
  170  10:08  Protoss Ground Weapons Level 3 (Chrono Boost), Disruptor x2  
  170  10:09  Observer  
  170  10:10  Protoss Ground Armor Level 2 (Chrono Boost)  
  170  10:12  Observer  
  176  10:16  Shield Battery  
  176  10:18  Pylon  
  176  10:19  Shield Battery  
  176  10:20  Pylon  
  176  10:21  Shield Battery  
  176  10:22  Dark Templar  
  176  10:24  Zealot  
  178  10:41  Dark Templar x2  
  182  10:45  Archon, Dark Templar x2  
  182  10:46  Nexus  
  182  10:47  Pylon  
  182  10:49  Archon  
  186  10:52  Pylon  
  184  10:59  Zealot x6  
  184  11:00  Templar Archives  
  196  11:09  Disruptor  
  195  11:32  Probe  
  180  11:33  Dark Templar x5  
  180  11:34  Zealot x4  
  180  11:36  Stalker x2  
  180  11:37  Archon x2  
  162  12:05  Stalker x11  
  184  12:10  Probe x2  
  184  12:15  Probe  
  187  12:28  Zealot x6  
Tags
 
Add a new tag
Caveats
  • Supply blocks, unpowered buildings, or Contaminate may cause inaccurate times.
  • Supply counts are checked every 10 seconds.